 Dungeon Crawl Stone Soup version 0.14.2 (webtiles) character file.

3 Amnesiac the Charlatan (level 1, -1/9 HPs)
             Began as a Spriggan Artificer on Feb 10, 2018.
             Slain by a kobold
             ... wielding a +0,+0 dagger
              (3 damage)
             ... on Level 1 of the Dungeon.
             The game lasted 00:00:15 (153 turns).

Amnesiac the Charlatan (Spriggan Artificer)          Turns: 153, Time: 00:00:15

HP  -1/9         AC  2     Str  7      XL: 1   Next: 41%
MP   2/2         EV 18     Int 13      God:
Gold 0           SH  0     Dex 16      Spells:  0 memorised,  0 levels left

rFire  . . .     SeeInvis +     g - -1,-3 short sword (curse)
rCold  . . .     Clarity  .     e - +0 robe
rNeg   . . .     Conserve .     (shield restricted)
rPois  .         rCorr    .     (helmet restricted)
rElec  .         rRot     .     (no cloak)
SustAb . .       Spirit   .     (gloves unavailable)
rMut   .         Warding  .     (boots unavailable)
Saprov . . .     Stasis   .     (no amulet)
MR     .....                    (no ring)
                                (no ring)

@: very quick, not resistant to hostile enchantments, fairly stealthy
A: unfitting armour, see invisible, herbivore 3, speed 3, slow metabolism 2
a: no special abilities


You were on level 1 of the Dungeon.
You were not hungry.

You visited 1 branch of the dungeon, and saw 1 of its levels.

Inventory:

Hand weapons
 a - a +0,+0 short sword
 g - a cursed -1,-3 short sword (weapon)
Armour
 e - a +0 robe (worn)
Magical devices
 b - a wand of flame (15)
 c - a wand of enslavement (15)
 d - a wand of random effects (15)
Potions
 f - a potion of porridge {!q}


   Skills:
 + Level 0.7 Fighting
 - Level 1.1 Short Blades
 + Level 3.2 Dodging
 - Level 1.5 Stealth
 * Level 4.2 Evocations


You couldn't memorise any spells.
You didn't know any spells.

Dungeon Overview and Level Annotations

Branches:
Dungeon (1/15)

Altars:


Innate Abilities, Weirdness & Mutations

You are tiny and cannot use many weapons and most armour.
You have supernaturally acute eyesight.
You are a herbivore.
You cover ground extremely quickly.
You need consume almost no food.


Message History

No target in view!
No target in view!
No target in view!
You start resting.
HP restored.
You see here a runed short sword.
g - a runed short sword Wield which item (- for none, * to show all)? (? for menu, Esc to quit)
It sticks to your hand!
g - a cursed -1,-3 short sword (weapon)
A goblin comes into view.
Found a scroll labeled SUAXKUO THUSEN.
A goblin is nearby!
A rat comes into view.
Found a leather armour.
There are monsters nearby!
A kobold comes into view. It is wielding a dagger.
The kobold throws a dart.
The dart hits you!
You see here a dart.
The goblin closely misses you.
You hit the goblin.
The goblin is moderately wounded.
The goblin hits you but does no damage.
You barely miss the goblin.
The goblin is moderately wounded.
The rat closely misses you. The goblin completely misses you.
You barely miss the goblin.
The goblin is moderately wounded.
The rat completely misses you. The goblin closely misses you.
You miss the goblin.
The goblin is moderately wounded.
The rat barely misses you. The goblin closely misses you.
The kobold hits you but does no damage.
You closely miss the goblin.
The goblin is moderately wounded.
The rat misses you. The goblin misses you. The kobold barely misses you.
You barely miss the goblin.
The goblin is moderately wounded.
The rat bites you. The goblin closely misses you. The kobold misses you.
You miss the goblin.
The goblin is moderately wounded.
The rat closely misses you. The goblin closely misses you.
The kobold closely misses you. The rat completely misses you.
You hit the goblin.
The goblin is almost dead.
The goblin barely misses you. The kobold barely misses you.
The rat closely misses you.
You barely miss the goblin.
The goblin is almost dead.
The goblin hits you.
* * * LOW HITPOINT WARNING * * *
The kobold hits you with a dagger.
* * * LOW HITPOINT WARNING * * *
The rat misses you.
You are too injured to fight recklessly!
You are too injured to fight recklessly!
You are too injured to fight recklessly!
You are too injured to fight recklessly!
You swing at nothing.
You hit the rat but do no damage. The rat closely misses you.
You hit the rat.
You kill the rat!
You barely miss the kobold. The kobold hits you with a dagger.
You die...

#.......# #.......#
#.?.....#
#.......##..
#...........
#..(....##..
#g......# #
#K#####.# .#
#@......###.#
#.##..#........##
#.......#.......#
####..###...#..##+#
#............#.#
##.....#.#.###'##
##...)######...##
#.)...'.'.'.<.'.
#...#######...##


You could see a goblin and a kobold.

Vanquished Creatures
  A goblin (D:1)
  A kobold (D:1)
  A rat (D:1)
3 creatures vanquished.

Notes
Turn   | Place    | Note
--------------------------------------------------------------
     0 | D:1      | Amnesiac, the Spriggan Artificer, began the quest for the Orb.
     0 | D:1      | Reached XP level 1. HP: 9/9 MP: 2/2
   153 | D:1      | Slain by a kobold

Action                   || total
-------------------------++-------
Melee: Short sword       ||    17
